 Dungeon Crawl Stone Soup version 0.21.0-24-g2553a33 (webtiles) character file.

136 Monsterracer the Poker (level 5, -12/49 HPs)
             Began as an Ogre Enchanter on Jan 21, 2018.
             Mangled by an ogre
             ... wielding a +0 giant club
              (19 damage)
             ... on level 3 of the Dungeon.
             The game lasted 00:04:30 (3343 turns).

Monsterracer the Poker (Ogre Enchanter)             Turns: 3343, Time: 00:04:31

Health: -12/49     AC:  6    Str: 13    XL:     5   Next: 19%
Magic:  8/8        EV: 10    Int: 16    God:
Gold:   135        SH:  0    Dex:  9    Spells: 7/8 levels left

rFire    . . .     SeeInvis .   a - +3 quarterstaff (chaos)
rCold    . . .     Gourm    .   (shield currently unavailable)
rNeg     + . .     Faith    .   b - +0 robe
rPois    .         Spirit   .   (helmet restricted)
rElec    .         Reflect  .   o - +2 cloak
rCorr    .         Harm     .   (gloves unavailable)
MR       .....                  (boots unavailable)
Stlth    ++........             (no amulet)
HPRegen  0.16/turn              p - ring of positive energy {!d}
MPRegen  0.11/turn              (no ring)

@: no status effects
A: large, unfitting armour, tough skin 1
a: no special abilities


You were on level 3 of the Dungeon.
You were not hungry.

You visited 1 branch of the dungeon, and saw 4 of its levels.

You collected 135 gold pieces.

Inventory:

Hand Weapons
 a - a +3 quarterstaff of chaos (weapon)
 s - a +0 quarterstaff
Armour
 b - a +0 robe (worn)
 o - a +2 cloak (worn)
Jewellery
 p - a ring of positive energy (left hand) {!d}
Scrolls
 e - a scroll of immolation {unknown}
 h - a scroll of amnesia {unknown}
 j - 4 scrolls of identify
 k - 4 scrolls of remove curse
 l - a scroll of teleportation {unknown}
 m - a scroll of fear {unknown}
 n - a scroll of enchant weapon {unknown}
 q - a scroll of magic mapping {unknown}
Potions
 g - 2 potions of curing
 i - a potion of magic
Books
 d - a book of Maledictions

   Spells                             Type                      Level
   a - Corona                         Hexes                        1
   b - Ensorcelled Hibernation        Hexes/Ice                    2
   c - Confuse                        Hexes                        3
   d - Tukima's Dance                 Hexes                        3
   e - Dazzling Spray                 Conjuration/Hexes            3
Comestibles
 c - 5 rations
 f - 2 chunks of flesh


   Skills:
 + Level 2.2 Fighting
   Level 0.8 Short Blades
   Level 4.0(4.1) Polearms
 * Level 1.1(2.7) Staves
 - Level 1.7 Dodging
 - Level 2.1 Stealth
 - Level 2.4 Spellcasting
 - Level 2.6 Hexes


You had 7 spell levels left.
You knew the following spells:

 Your Spells              Type           Power        Failure   Level  Hunger
a - Corona                Hex            ##.....      7%          1    #......


Dungeon Overview and Level Annotations

Branches:
Dungeon (4/15)
 Temple: D:4-7

Altars:
Ru

Annotations:
D:2 Sigmund


Innate Abilities, Weirdness & Mutations

You are too large for most types of armour.
You have tough skin. (AC +1)


Message History

You feel yourself moving faster!
You feel mighty!
Crazy Yiuf hits you with a quarterstaff of chaos!
You now have 37/63 hp.
You barely miss Crazy Yiuf.
Crazy Yiuf hits you with a quarterstaff of chaos!
* * * LOW HITPOINT WARNING * * *
Crazy Yiuf freezes you.
* * * LOW HITPOINT WARNING * * *
You take 13 damage, and have 24/63 hp.
MASSIVE DAMAGE!!
You thump Crazy Yiuf!
Crazy Yiuf is severely wounded.
Crazy Yiuf barely misses you.
You hit Crazy Yiuf.
Crazy Yiuf is almost dead.
Unknown command.
You sock Crazy Yiuf!
You kill Crazy Yiuf!
Your Fighting skill increases to level 2!
Your base Staves skill increases to level 1!
You have reached level 5!
You regained 4 hp, and now have 29/73 hp.
MP restored: 8
Things that are here:
a quarterstaff of chaos; an embroidered cloak; the gnoll corpse of Crazy Yiuf
a - an embroidered cloak You feel a strong urge to attack something.
You butcher the gnoll corpse of Crazy Yiuf.
f - 4 chunks of flesh (gained 3)
You see here a quarterstaff of chaos.
o - a quarterstaff of chaos You feel your anger nearly subside.
You are no longer berserk.
You are exhausted.
You feel yourself slow down.
You now have 20/49 hp.
Wield which item (- for none, * to show all)? (? for menu, Esc to quit)
Your +3 quarterstaff of chaos is briefly surrounded by a scintillating aura of random colours.
o - a +3 quarterstaff of chaos (weapon)
Adjust (i)tems, (s)pells, or (a)bilities?
Adjust which item? (? for menu, Esc to quit)
o - a +3 quarterstaff of chaos (weapon)
Adjust to which letter? (? for menu, Esc to quit)
a - a +3 quarterstaff of chaos (weapon);
o - an embroidered cloak Adjust (i)tems, (s)pells, or (a)bilities?
Adjust which item? (? for menu, Esc to quit)
Okay, then.
Wear which item? (? for menu, Esc to quit)
You start removing your armour.
You continue taking off your +0 cloak. x4
You finish taking off your +0 cloak.
You start putting on your armour.
You continue putting on your embroidered cloak. x5
You finish putting on your +2 cloak.
You regained 2 hp, and now have 23/49 hp.
Drop what? 19/52 slots (_ for help) (? for menu, Esc to quit)
You drop a +0 cloak.
You feel yourself speed up.
You recover from your berserk rage.
Some of the chunks of flesh in your inventory have rotted away.
Eating one of 3 chunks of flesh.
You eat one of the 3 chunks of flesh.
This raw flesh tastes terrible.
Key pressed, stopping explore.
Done exploring.
Health restored: 49 Done exploring.
Done exploring.
Done exploring.
There is an open door, spattered with blood here.
There is a stone staircase leading down here.
You climb downwards.
An ogre comes into view. It is wielding a giant club.
There is a stone staircase leading up here.
The ogre shouts!
Found a ration.
The ogre barely misses you.
A giant cockroach comes into view.
You closely miss the ogre. The ogre closely misses you.
There are monsters nearby!
There are monsters nearby!
There are monsters nearby!
There is a stone staircase leading up here.
The ogre hits you with a giant club!!
You climb upwards.
There is a stone staircase leading down here.
You take 18 damage, and have 31/49 hp.
MASSIVE DAMAGE!!
You barely miss the ogre. The ogre barely misses you.
You barely miss the ogre. The ogre misses you.
You hit the ogre. You freeze the ogre.
The ogre is lightly wounded.
You sock the ogre!
The ogre is heavily wounded.
The ogre closely misses you.
You sock the ogre! You freeze the ogre.
The ogre is severely wounded.
The ogre hits you with a giant club!!
Ouch! That really hurt!
* * * LOW HITPOINT WARNING * * *
You take 25 damage, and have 7/49 hp.
MASSIVE DAMAGE!!
You completely miss the ogre.
The ogre is severely wounded.
The ogre hits you with a giant club!!
You die...

####### ##..............####...
......### #............##........
#####...###.#...........#..##.##.
#######.....#...........#.....)..
....##...........................
###....###..#....................
##.....#.##..........<.........
##.###....##...................
#..# ##.....#.@................
###.## #.##...O.................
....#####.#......................
######........#.###...#..........
####.....<......###..............
............#####...#...#........
...#......#..............###.....
.....##.##..###...##.....# #.#...
....)...#.......####.....# #.#...


You could see an ogre.

Vanquished Creatures
  Jessica (D:2)
  Crazy Yiuf (D:3)
  A gnoll (D:1)
  2 adders
  2 dart slugs
  An orc (D:2)
  2 bats (D:2)
  4 giant cockroaches
  9 goblins
  6 hobgoblins
  3 jackals (D:1)
  3 quokkas
  3 ball pythons
  4 frilled lizards
  7 kobolds
  5 rats
54 creatures vanquished.

Notes
Turn   | Place    | Note
-------+----------+-------------------------------------------
     0 | D:1      | Monsterracer the Ogre Enchanter began the quest for the Orb.
     0 | D:1      | Reached XP level 1. HP: 16/16 MP: 3/3
    34 | D:1      | HP: 7/16 [hobgoblin/club (3)]
    41 | D:1      | HP: 6/18 [kobold (3)]
    52 | D:1      | HP: 3/18 [kobold (1)]
    53 | D:1      | Reached skill level 1 in Fighting
    64 | D:1      | HP: 1/19 [rat (1)]
   414 | D:1      | HP: 8/19 [gnoll/club (5)]
   420 | D:1      | HP: 8/19 [gnoll/club (1)]
   423 | D:1      | Reached skill level 1 in Polearms
   423 | D:1      | Reached XP level 2. HP: 8/27 MP: 5/5
   425 | D:1      | HP: 8/27 [frilled lizard (1)]
   488 | D:1      | HP: 11/27 [ball python (2)]
   492 | D:1      | Reached skill level 2 in Polearms
   678 | D:1      | Reached XP level 3. HP: 30/33 MP: 6/6
  1227 | D:2      | Noticed Sigmund
  1427 | D:2      | Reached skill level 3 in Polearms
  1455 | D:2      | HP: 16/33 [Sigmund/puff of flame (7)]
  1830 | D:2      | Reached XP level 4. HP: 41/41 MP: 7/7
  1909 | D:2      | Noticed Jessica
  1919 | D:2      | Killed Jessica
  2373 | D:2      | HP: 19/41 [adder (5)]
  2378 | D:2      | HP: 13/41 [adder (2)]
  2384 | D:2      | HP: 15/42 [orc/mace (5)]
  2389 | D:2      | HP: 5/42 [orc/mace (5)]
  2683 | D:3      | Reached skill level 4 in Polearms
  3087 | D:3      | Found a sacrificial altar of Ru.
  3115 | D:3      | Found a runed door.
  3119 | D:3      | Noticed Crazy Yiuf
  3124 | D:3      | HP: 27/63 [Crazy Yiuf/quarterstaff of chaos (10)]
  3127 | D:3      | Killed Crazy Yiuf
  3127 | D:3      | Reached skill level 1 in Staves
  3127 | D:3      | Reached XP level 5. HP: 29/49 MP: 8/8
  3328 | D:4      | Noticed an ogre
  3342 | D:3      | HP: 7/49 [ogre/giant club (25)]
  3343 | D:3      | Mangled by an ogre

Skill      XL: |  1  2  3  4 |
---------------+-------------+-----
Fighting       | 1 2 |  2.2
Polearms       | 1 2 3 4 |  4.0
Staves         | 1 |  1.1
Short Blades   | |  0.8
Dodging        | |  1.7
Stealth        | |  2.1
Spellcasting   | |  2.4
Hexes          | |  2.6

Action                   |  1- 3 |  4- 6 || total
-------------------------+-------+-------++-------
Melee: Dagger            |    33 |       ||    33
       Spear             |   133 |    70 ||   203
       Quarterstaff      |       |    18 ||    18
 Cast: Corona            |     1 |       ||     1
  Use: Potion            |     2 |     2 ||     4
       Scroll            |       |     2 ||     2
 Stab: Sleeping          |     4 |     6 ||    10
  Eat: Chunk             |     3 |     5 ||     8
Armor: Robe              |    30 |    11 ||    41
Dodge: Dodged            |    73 |    35 ||   108

Vault maps used:
D:1:      giann_bridges
D:2:      uniq_jessica, uniq_sigmund
D:3:      nicolae_ru_path_of_blood, uniq_crazy_yiuf_cottage
D:4:      grunt_temple_overflow_champion_of_chaos, kiku_gazebo_garden_becter,
          minmay_temple_entry_statues_pillars, first_ration, serial_shops,
          shop_fountains, tgw_trog, uniq_ijyb
